 Dungeon Crawl Stone Soup version 0.25-a0-246-g58704a1ebd (webtiles) character file.

Game seed: 1327372062172831400, levelgen mode: deterministic

779 mcbry the Poker (level 7, -5/61 HPs)
             Began as a Centaur Monk on Dec 3, 2019.
             Was a Priest of the Shining One.
             Slain by an orc warrior
             ... wielding a +0 long sword
              (11 damage)
             ... on level 6 of the Dungeon.
             The game lasted 00:18:50 (6368 turns).

mcbry the Poker (Centaur Monk)                      Turns: 6368, Time: 00:18:51

Health: -5/61      AC:  5    Str: 14    XL:     7   Next: 54%
Magic:  10/10      EV: 10    Int: 12    God:    the Shining One [***...]
Gold:   338        SH:  0    Dex: 13    Spells: 6/6 levels left

rFire    . . .     SeeInvis .   B - +0 trident
rCold    . . .     Gourm    .   (no shield)
rNeg     + . .     Faith    .   b - +0 robe
rPois    .         Spirit   .   e - +0 helmet
rElec    .         Reflect  .   (no cloak)
rCorr    .         Harm     .   (no gloves)
MR       .....                  (no barding)
Stlth    +.........             (no amulet)
HPRegen  0.20/turn              d - ring of wizardry (curse)
MPRegen  0.12/turn              v - +3 ring of intelligence

@: glowing, very quick
A: large, hooves 3, deformed body, speed 2, tough skin 3
a: Divine Shield, Renounce Religion


You were on level 6 of the Dungeon.
You worshipped the Shining One.
The Shining One was most pleased with you.
You were not hungry.

You visited 1 branch of the dungeon, and saw 6 of its levels.

You collected 338 gold pieces.

Inventory:

Hand Weapons
 a - a +0 spear
 B - a +0 trident (weapon)
Missiles
 q - 28 arrows
 t - 33 poisoned darts (quivered)
Armour
 b - a +0 robe (worn)
 e - a +0 helmet (worn)
 o - a +0 shield
 x - a cursed +0 plate armour
 A - a cursed +0 leather armour
Jewellery
 d - a cursed ring of wizardry (left hand)
 v - a +3 ring of intelligence (right hand)
Scrolls
 f - 3 scrolls of magic mapping {unknown}
 g - 11 scrolls of identify {unknown}
 j - 5 scrolls of teleportation {unknown}
 n - a scroll of enchant weapon {unknown}
 p - 2 scrolls of remove curse {unknown}
 s - a scroll of fog {unknown}
 y - 3 scrolls of enchant armour {unknown}
 z - a scroll of random uselessness {unknown}
 D - 2 scrolls of fear {unknown}
 F - a scroll of amnesia {unknown}
Potions
 h - 3 potions of brilliance {unknown}
 i - 2 potions of might {unknown}
 k - 3 potions of lignification {unknown}
 l - 4 potions of invisibility {unknown}
 m - 2 potions of flight {unknown}
 r - 3 potions of magic {unknown}
 u - a potion of haste {unknown}
 w - a potion of agility {unknown}
 C - a potion of curing {unknown}
 E - a potion of degeneration {unknown}
Comestibles
 c - 13 rations
 G - 3 chunks of flesh


   Skills:
 + Level 5.2 Fighting
 * Level 6.2 Polearms
 - Level 2.1 Dodging
 - Level 1.1 Stealth
 + Level 4.0 Invocations


You had 6 spell levels left.
You didn't know any spells.
Your spell library contained the following spells:

 Spells                   Type           Power        Failure   Level  Hunger
 Animate Skeleton         Necr           N/A          13%         1    ##.....
 Apportation              Tloc           #.....       13%         1    ##.....
 Confusing Touch          Hex            #.....       13%         1    ##.....
 Magic Dart               Conj           #...         13%         1    ##.....
 Summon Small Mammal      Summ           #...         13%         1    ##.....
 Blink                    Tloc           N/A          21%         2    ###....
 Call Imp                 Summ           #.......     21%         2    ###....
 Slow                     Hex            #.......     21%         2    ###....
 Conjure Flame            Conj/Fire      #.......     36%         3    ####...
 Mephitic Cloud           Conj/Pois/Air  #.......     36%         3    ####...


Dungeon Overview and Level Annotations

Branches:
Dungeon (6/15)
 Temple: D:4-7

Altars:
Kikubaaqudgha
Trog
The Shining One

Shops:
D:5 =


Innate Abilities, Weirdness & Mutations

You have hooves in place of feet.
Armour fits poorly on your strangely shaped body.
You cover ground very quickly.
You have extremely tough skin. (AC +3)


Message History

You are too injured to fight recklessly!
You are too injured to fight recklessly!
You hit the orc warrior but do no damage.
You kick the orc warrior, but do no damage.
The orc warrior is heavily wounded.
The orc warrior hits you with a +0 long sword!
* * * LOW HITPOINT WARNING * * *
You puncture the orc warrior!
The orc warrior is almost dead.
The orc warrior hits you with a +0 long sword!
* * * LOW HITPOINT WARNING * * *
You see here 3 stones.
You are too injured to fight recklessly!
Attack whom?
Press: ? - help, Dir - move target cursor, f/p - orc warrior
Aim: an orc warrior, wielding a +0 long sword and wearing a +0 chain mail (almost dead, haloed)
You reach to attack!
You hit the orc warrior.
The orc warrior is almost dead.
The orc warrior hits you with a +0 long sword!
You die...

#.##....# ...
##.....?.####..#
............#.##
...............#
.........(.....#
........(#.##
..##....<(...#
...###..?o...#
...####.).@..# ##
............####..
.###..........#...
#...)..........
###..).........>.
#......?........#
................##
...#.....#.$#...#
.......o##..#....#


You could see an orc warrior.

Vanquished Creatures
  A necrophage (D:5)
  An ogre (D:4)
  A bullfrog (D:6)
  A crimson imp (D:5)
  3 hounds
  4 orc priests
  2 orc wizards (D:6)
  An iguana (D:4)
  2 worker ants
  5 adders
  3 worms
  2 leopard geckos
  26 orcs
  5 giant cockroaches
  9 hobgoblins
  4 jackals (D:1)
  A quokka (D:2)
  2 ball pythons
  6 bats
  5 frilled lizards
  5 goblins
  8 kobolds
  A leopard gecko zombie (D:5)
  5 rats
103 creatures vanquished.

Notes
Turn   | Place    | Note
-------+----------+-------------------------------------------
     0 | D:1      | mcbry the Centaur Monk began the quest for the Orb.
     0 | D:1      | Reached XP level 1. HP: 19/19 MP: 1/1
   214 | D:1      | Reached skill level 3 in Polearms
   265 | D:1      | Reached XP level 2. HP: 19/26 MP: 2/2
   818 | D:1      | Reached XP level 3. HP: 30/31 MP: 3/3
  1165 | D:2      | Found a glowing golden altar of the Shining One.
  1179 | D:2      | Became a worshipper of the Shining One
  1179 | D:2      | Reached * piety under the Shining One
  1179 | D:2      | Reached ** piety under the Shining One
  2193 | D:3      | Reached skill level 1 in Invocations
  2193 | D:3      | Reached XP level 4. HP: 40/40 MP: 4/4
  2247 | D:3      | Reached skill level 4 in Polearms
  2739 | D:3      | Reached XP level 5. HP: 46/46 MP: 6/6
  3093 | D:3      | Found an ancient bone altar of Kikubaaqudgha.
  3273 | D:4      | Noticed an ogre
  3321 | D:4      | Killed an ogre
  3321 | D:4      | Reached skill level 5 in Polearms
  3321 | D:4      | Reached XP level 6. HP: 36/53 MP: 7/7
  3732 | D:4      | Found a bloodstained altar of Trog.
  4328 | D:5      | Entered Level 5 of the Dungeon
  4909 | D:5      | Found Azoih's Jewellery Boutique.
  5049 | D:6      | Reached XP level 7. HP: 42/60 MP: 9/9
  5543 | D:6      | Reached skill level 5 in Fighting
  5557 | D:6      | Reached skill level 6 in Polearms
  6173 | D:5      | Reached *** piety under the Shining One
  6368 | D:6      | Slain by an orc warrior

Levels and vault maps discovered:
D:1:      dpeg_arrival_simpleton_c, layout_rooms, minmay_misc_feat_doors,
          minmay_misc_feat_rugged
D:2:      layout_basic, lemuel_doored_altar, minmay_small_reverse_x
D:3:      cheibrodos_old_hovel, layout_basic, lemuel_coloured_pillars_altar
D:4:      layout_basic, old_standard_altar, first_ration,
          corexii_item_surrounded_by_moat
D:5:      layout_rooms, serial_shops, kennysheep_little_box
D:6:      layout_cave_pools, gammafunk_temple_overflow_statue

Skill      XL: |  1  2  3  4  5  6  7 |
---------------+----------------------+-----
Polearms       | 3 4 5 6 |  6.2
Invocations    | 1 2 3 4 |  4.0
Fighting       | 4 5 |  5.2
Dodging        | |  2.1
Stealth        | |  1.1

Action                   |  1- 3 |  4- 6 |  7- 9 || total
-------------------------+-------+-------+-------++-------
Melee: Spear             |   168 |   150 |       ||   318
       Kick              |    16 |    12 |     7 ||    35
       Trident           |       |    29 |    61 ||    90
Throw: Dart              |     3 |     3 |       ||     6
 Stab: Sleeping          |     2 |       |       ||     2
  Eat: Chunk             |     3 |     5 |     1 ||     9
       Ration            |       |     1 |     1 ||     2
Armor: Robe              |    38 |    14 |    10 ||    62
Dodge: Dodged            |    61 |    25 |    29 ||   115

Table legend:
 A = Non-vault XP
 B = Vault XP
 C = Vault XP percentage of total XP
 D = Non-vault monster count
 E = Vault monster count
 F = Vault count percentage of total count
                 A         B        C        D         E       F
            +---------+---------+-------+---------+---------+-------
      Total |    1102 |      11 |   1.0 |      98 |       5 |   4.9
            +---------+---------+-------+---------+---------+-------
        D:1 |      42 |       0 |   0.0 |      25 |       0 |   0.0
        D:2 |      31 |      10 |  24.4 |      12 |       4 |  25.0
        D:3 |     168 |       1 |   0.6 |      30 |       1 |   3.2
        D:4 |     293 |       0 |   0.0 |       6 |       0 |   0.0
        D:5 |     375 |       0 |   0.0 |      14 |       0 |   0.0
        D:6 |     193 |       0 |   0.0 |      11 |       0 |   0.0
            +---------+---------+-------+---------+---------+-------
